Map: Eastwatch LE

Players

Terrorine

  • Race: Protoss Protoss
  • League: Silver
  • Spawn Location: 1:00

ENlightMONK - Winner!

  • Race: Terran Terran
  • Spawn Location: 7:00

VOD

Have the link to the VOD?

Description

i think i could have won had I pushed earlier and made more gates. I think i have trouble with how many gateways to bases

Time

  • Played on: Feb. 8, 2018, 8:34 p.m.
  • Length: 19:06
Show
View Real Time Build Order
Export as new Build Order

Terrorine Protoss 

Build Orders: Oracle Opening 

Get SALT Encoding   

  12  0:02  Probe  
  13  0:16  Pylon  
  13  0:18  Probe  
  14  0:30  Probe  
  15  0:38  Gateway  
  15  0:42  Probe  
  16  0:55  Gateway  
  16  1:00  Assimilator  
  16  1:02  Probe  
  17  1:14  Probe  
  18  1:26  Probe  
  18  1:28  Zealot (Chrono Boost)  
  18  1:29  Cybernetics Core  
  21  1:54  Probe  
  21  2:02  Warp Gate (Chrono Boost)  
  21  2:06  Probe  
  21  2:07  Nexus  
  22  2:20  Pylon  
  22  2:22  Probe (Chrono Boost)  
  23  2:41  Stargate  
  23  2:44  Assimilator  
  23  2:50  Probe  
  24  2:52  Assimilator  
  24  2:56  Assimilator  
  24  3:02  Probe  
  25  3:20  Shield Battery  
  25  3:27  Probe (Chrono Boost)  
  25  3:33  Probe (Chrono Boost)  
  27  3:38  Probe (Chrono Boost)  
  27  3:40  Probe (Chrono Boost), Oracle  
  32  3:51  Stargate  
  32  3:54  Gateway  
  32  4:08  Stalker x2  
  36  4:12  Probe  
  36  4:13  Probe  
  38  4:24  Probe  
  38  4:25  Probe  
  40  4:36  Pylon  
  40  4:37  Probe  
  41  4:42  Probe  
  42  4:49  Probe  
  43  5:11  Probe x2  
  43  5:12  Stalker  
  43  5:13  Stalker  
  49  5:20  Forge  
  49  5:23  Probe x2  
  49  5:24  Phoenix (Chrono Boost)  
  53  5:29  Pylon  
  53  5:36  Pylon  
  53  5:46  Phoenix x2 (Chrono Boost)  
  57  5:59  Probe x2  
  57  6:01  Stalker x3  
  66  6:11  Probe x2  
  66  6:16  Phoenix (Chrono Boost)  
  69  6:23  Pylon  
  69  6:25  Probe  
  70  6:41  Probe, Phoenix  
  70  6:42  Phoenix  
  73  7:06  Phoenix  
  61  7:32  Phoenix (Chrono Boost)  
  61  7:33  Protoss Ground Weapons Level 1 (Chrono Boost), Phoenix (Chrono Boost)  
  65  7:39  Protoss Air Weapons Level 1  
  65  8:00  Probe x2  
  65  8:04  Stalker x3  
  73  8:12  Probe x2  
  75  8:24  Probe  
  45  8:51  Stalker x3  
  49  8:57  Shield Battery  
  49  9:04  Gateway  
  49  9:05  Gateway  
  49  9:07  Gateway  
  49  9:08  Probe x2 (Chrono Boost)  
  51  9:19  Zealot  
  53  9:25  Phoenix x2 (Chrono Boost)  
  53  9:29  Protoss Ground Armor Level 1  
  57  9:50  Nexus, Phoenix (Chrono Boost)  
  59  9:56  Phoenix (Chrono Boost)  
  61  10:10  Robotics Facility  
  61  10:23  Probe x2, Photon Cannon  
  63  10:35  Probe x2  
  65  10:37  Stalker x2  
  69  10:47  Zealot x2  
  69  10:49  Phoenix  
  75  10:59  Observer (Chrono Boost)  
  75  11:03  Phoenix  
  78  11:12  Observer (Chrono Boost)  
  79  11:19  Probe x2  
  79  11:20  Probe  
  79  11:25  Pylon  
  82  11:31  Probe x2, Stalker x2  
  82  11:32  Probe  
  77  11:55  Stalker x2  
  77  11:56  Stalker  
  71  12:12  Assimilator  
  71  12:24  Pylon  
  71  12:27  Pylon  
  71  12:32  Stalker x3  
  71  12:33  Gateway x2  
  71  12:35  Probe  
  71  12:36  Gateway  
  78  12:43  Gateway  
  78  12:46  Stalker  
  78  12:47  Twilight Council  
  78  12:48  Zealot  
  82  13:00  Photon Cannon  
  83  13:05  Observer (Chrono Boost)  
  83  13:19  Observer (Chrono Boost)  
  84  13:27  Stalker x2  
  88  13:38  Observer  
  89  13:44  Stalker  
  89  13:45  Stalker x3  
  97  13:50  Probe x2  
  97  13:52  Protoss Ground Weapons Level 2  
  99  13:59  Phoenix x2 (Chrono Boost), Observer  
  104  14:04  Probe  
  104  14:07  Probe  
  106  14:10  Nexus  
  106  14:13  Assimilator  
  106  14:17  Assimilator  
  106  14:21  Pylon  
  106  14:22  Probe x2  
  106  14:23  Pylon  
  108  14:28  Pylon  
  108  14:29  Pylon  
  108  14:38  Immortal (Chrono Boost), Observer  
  108  14:43  Probe x3  
  115  14:55  Probe x2  
  115  14:57  Probe  
  118  15:07  Probe x2  
  120  15:15  Nexus  
  84  15:41  Stalker x5  
  84  15:42  Stalker x4  
  96  15:45  Phoenix x2 (Chrono Boost)  
  96  15:48  Protoss Air Armor Level 1 (Chrono Boost)  
  100  15:59  Fleet Beacon  
  100  16:03  Protoss Ground Armor Level 2  
  100  16:04  Probe x4  
  102  16:08  Observer  
  104  16:16  Probe x2  
  106  16:20  Pylon  
  106  16:23  Photon Cannon  
  106  16:25  Forge  
  106  16:26  Probe  
  106  16:27  Probe x2  
  109  16:49  Carrier x2 (Chrono Boost)  
  109  16:52  Observer  
  122  17:07  Charge  
  122  17:13  Observer  
  123  17:20  Zealot x7  
  123  17:21  Zealot x2  
  134  17:58  Stalker x5  
  116  17:59  Stalker x5  
  116  18:00  Phoenix x2  
  138  18:11  Probe  
  138  18:12  Probe  
  140  18:18  Tempest  
  140  18:19  Tempest  
  139  18:23  Observer (Chrono Boost)  
  152  18:36  Observer (Chrono Boost)  
  149  18:43  Stalker x7  
  149  18:44  Stalker x2  
  119  19:00  Stalker  
Show
View Real Time Build Order
Export as new Build Order

ENlightMONK Terran - Winner!

Build Orders:  

Get SALT Encoding   

  12  0:01  SCV  
  13  0:13  SCV  
  14  0:19  Supply Depot  
  14  0:25  SCV  
  15  0:40  SCV  
  15  0:42  Barracks  
  16  0:49  Refinery  
  16  0:52  SCV  
  17  1:04  SCV  
  18  1:16  SCV  
  19  1:25  Refinery  
  19  1:30  Marine, Orbital Command  
  20  1:57  Command Center  
  20  2:02  Barracks Tech Lab  
  20  2:10  Supply Depot  
  20  2:12  SCV  
  21  2:24  SCV  
  21  2:29  Factory  
  22  2:35  Engineering Bay  
  22  2:36  SCV  
  23  2:42  Marauder  
  25  2:52  Concussive Shells  
  25  2:55  SCV  
  26  3:03  Supply Depot  
  26  3:04  Marauder  
  27  3:14  Factory Reactor  
  27  3:17  Starport  
  27  3:25  Marauder  
  29  3:30  Missile Turret  
  29  3:32  SCV  
  30  3:40  Bunker  
  30  3:53  SCV  
  31  3:59  Hellion  
  33  4:02  Supply Depot  
  33  4:04  Starport Tech Lab  
  33  4:05  SCV  
  34  4:10  Orbital Command  
  34  4:20  SCV  
  34  4:23  Marine  
  36  4:30  Medivac  
  38  4:32  SCV  
  38  4:35  Cyclone  
  42  4:40  SCV  
  42  4:44  SCV  
  44  4:47  Supply Depot  
  44  4:52  SCV  
  45  4:56  SCV  
  45  5:02  Barracks  
  45  5:06  Marine  
  46  5:11  Cyclone  
  49  5:15  SCV x2  
  49  5:21  Missile Turret  
  51  5:24  Marine  
  52  5:32  Cyclone  
  55  5:38  Combat Shields  
  57  5:43  Marauder  
  57  5:46  Supply Depot  
  57  5:47  Terran Infantry Weapons Level 1  
  57  5:50  Barracks  
  57  6:03  SCV  
  57  6:04  SCV, Marauder  
  61  6:08  Barracks Tech Lab  
  61  6:12  Barracks Reactor  
  61  6:15  SCV  
  61  6:16  SCV  
  61  6:17  Viking  
  65  6:21  Cyclone  
  70  6:25  Marauder  
  70  6:27  Supply Depot  
  70  6:36  Refinery  
  70  6:39  Refinery  
  70  6:44  Supply Depot  
  70  6:47  Medivac  
  70  6:48  Barracks Reactor  
  72  7:09  Cyclone x2  
  72  7:12  Marine x3  
  81  7:17  Viking  
  78  7:23  Supply Depot  
  78  7:28  SCV  
  78  7:29  Marine, SCV  
  80  7:30  Marine x2  
  80  7:40  Marine x2  
  80  7:41  SCV x2  
  84  7:46  Supply Depot  
  84  7:47  Marine x2, Medivac  
  84  7:48  Marine  
  84  7:50  Terran Infantry Armor Level 1  
  89  7:53  SCV x2  
  89  7:58  Marine x2  
  92  8:00  Cyclone  
  92  8:05  Marine x3  
  99  8:15  Marine  
  99  8:16  Marine, Medivac  
  103  8:23  Marine x2  
  98  8:35  Starport  
  84  8:54  Viking  
  84  8:55  Cyclone x2  
  92  9:16  Starport Reactor  
  92  9:17  Starport  
  92  9:22  Supply Depot  
  92  9:24  Viking  
  94  9:44  Missile Turret  
  94  9:45  Supply Depot  
  94  9:48  SCV  
  94  9:51  SCV  
  96  9:54  Barracks  
  96  10:00  SCV  
  96  10:03  SCV  
  98  10:07  Missile Turret, Supply Depot  
  98  10:29  Barracks  
  98  10:30  Supply Depot  
  98  10:45  Cyclone x2  
  98  10:46  Marine, Barracks, Marauder  
  98  10:47  Marine x3  
  98  10:49  Medivac x2  
  114  10:50  Raven  
  114  10:54  Supply Depot  
  114  10:55  SCV x2  
  120  11:03  Barracks Reactor  
  120  11:04  Marine x3, Liberator x2  
  120  11:05  Marine  
  120  11:08  Marauder  
  120  11:09  Starport Tech Lab  
  123  11:21  Missile Turret  
  123  11:22  Marine  
  123  11:24  Marine  
  123  11:25  Marine x2  
  133  11:29  Marine  
  134  11:33  Raven  
  134  11:35  Barracks  
  135  11:40  Marine  
  135  11:42  Marine  
  135  11:43  Marine x2  
  123  12:06  Barracks Reactor  
  113  12:13  Armory  
  107  12:16  Raven  
  109  12:33  Barracks Reactor  
  109  12:37  Factory  
  109  12:38  Command Center  
  109  12:55  Marine  
  109  12:56  Marine x4  
  114  13:02  Armory  
  114  13:08  Cyclone  
  117  13:39  SCV  
  117  13:40  SCV  
  119  13:47  Missile Turret  
  119  13:50  Supply Depot  
  119  13:52  SCV x2, Refinery  
  121  14:00  Terran Vehicle Weapons Level 1  
  121  14:02  Terran Vehicle And Ship Armor Level 1  
  121  14:03  Medivac  
  121  14:04  SCV x2  
  121  14:08  Missile Turret  
  125  14:10  Medivac  
  125  14:14  Supply Depot  
  125  14:16  SCV x2  
  129  14:18  SCV, Refinery  
  130  14:25  Marine  
  130  14:26  Marine x4  
  130  14:28  Marine, SCV x2  
  130  14:30  SCV, Missile Turret  
  139  14:36  Marine  
  139  14:37  Marine x4  
  144  14:41  Medivac  
  144  14:43  Marine  
  147  14:49  Factory Tech Lab  
  147  15:21  SCV x3  
  144  15:33  SCV  
  126  15:39  Marine  
  126  15:40  Marine x8  
  126  15:41  Marine x2  
  137  15:43  Medivac  
  137  15:44  Medivac  
  141  15:57  Marine  
  141  15:58  Marine x10  
  141  16:02  Supply Depot  
  152  16:15  Marine  
  152  16:16  Marine x4  
  157  16:20  Factory  
  157  16:22  Raven  
  157  16:24  Raven  
  157  16:25  Supply Depot  
  161  16:27  Marine x2  
  163  16:36  Terran Infantry Weapons Level 2  
  163  16:44  Stimpack  
  163  16:47  Supply Depot  
  163  16:54  Viking x2  
  167  17:05  Factory  
  167  17:09  Raven x2  
  167  17:10  Supply Depot  
  167  17:13  Marine  
  167  17:14  Marine x2  
  174  17:24  Medivac x2  
  178  17:32  Factory Tech Lab  
  176  17:43  Siege Tank  
  179  17:52  Medivac  
  179  17:53  Factory  
  180  18:11  Cyclone  
  180  18:12  Marine, Cyclone x2  
  189  18:13  Marine x8  
  189  18:14  Marine  
Tags
 
League
Silver
Matchup
PvT
Spawn Locations
Cross Positions
Add a new tag
Caveats
  • Supply blocks, unpowered buildings, or Contaminate may cause inaccurate times.
  • Supply counts are checked every 10 seconds.